 Dungeon Crawl Stone Soup version 0.32-a0-120-gfac0567ad4 (webtiles) character file.

Game seed: 10611236674146447814

9 cforsyth the Magician (level 2, -1/24 HPs)
             Began as a Djinni Warper on Feb 6, 2024.
             Slain by a ball python (2 damage)
             ... on level 1 of the Dungeon.
             The game lasted 00:00:50 (308 turns).

cforsyth the Magician (Djinni Warper)                Turns: 308, Time: 00:00:50

Health: -1/24      AC:  3    Str: 10    XL:     2   Next: 20%
Gold:   19         EV:  8    Int: 14    God:
                   SH:  0    Dex: 12

rFire   + + .        a - +0 falchion
rCold   x . .        (no shield)
rNeg    . . .        b - +0 leather armour
rPois   ∞            (no helmet)
rElec   .            (no cloak)
rCorr   .            (no gloves)
SInv    .            (boots unavailable)
Will    .....        (no amulet)
Stlth   +            (no ring)
HPRegen 0.24/turn    (no ring)
MPRegen 0.00/turn

%: infuse magic (-2 HP)
@: flying, constricted
A: sickness immunity, fire resistance 2, cold vulnerability 1, float, innate
caster, HP casting, extra vitality 1
a: no special abilities


You were on level 1 of the Dungeon.
You visited 1 branch of the dungeon, and saw 1 of its levels.

You collected 19 gold pieces.


Innate Abilities, Weirdness & Mutations

You are immune to sickness and miasma.
You are immune to poison.
Your flesh is very heat resistant. (rF++)
You are vulnerable to cold. (rC-)
You float through the air rather than walking.
You learn spells naturally, not from books.
Your magical power is your life essence.
You have superior vitality. (+4 MHP)


   Skills:
 + Level 2.4 Fighting
 - Level 1.7 Long Blades
 - Level 0.7 Throwing
 - Level 1.0 Armour
 - Level 2.1 Dodging
 + Level 3.1 Spellcasting
 + Level 3.1 Conjurations
 + Level 3.1 Hexes
 + Level 3.1 Summonings
 + Level 3.1 Necromancy
 + Level 3.1 Translocations
 + Level 3.1 Fire Magic
 + Level 3.1 Ice Magic
 + Level 3.1 Air Magic
 + Level 3.1 Earth Magic
 + Level 3.1 Alchemy


You knew the following spells:

 Your Spells              Type           Power      Damage    Failure   Level
l - Lesser Beckoning      Tloc           20%        N/A       12%         2
m - Manifold Assault      Tloc           10%        N/A       63%         4
t - Teleport Other        Tloc           10%        N/A       24%         3
B - Blink                 Tloc           20%        N/A       12%         2
X - Vhi's Electric Charg  Tloc/Air       20%        N/A       63%         4
Your spell library was empty.

Inventory:

Hand Weapons
 a - a +0 falchion (weapon)
Missiles
 d - 7 darts of dispersal (quivered) {=f=f}
Armour
 b - a +0 leather armour (worn)
Jewellery
 g - an amulet of regeneration
Scrolls
 c - a scroll of blinking
Potions
 e - a potion of degeneration {unknown}
 f - a potion of curing {unknown}

Dungeon Overview and Level Annotations

Branches:
Dungeon (1/15)

Altars:

...... ............... .. ......
.....###......# ....
#.#.#####.....#......#######....
..#...........+........[........
..............#.......##...#....
........#.....###.....##........
#.......##....†....†............
#.#............K..###...........
#.#...........JS@.........######
#.#............g#.........#######
#...............#.......)........
#................................
#.................###....†.......
#.................######.........
#.......................#####....
#.......................###.....)
.................................


You could see an endoplasm, a goblin, a ball python and a kobold.


Message History

The kobold hits you but does no damage.
You closely miss the kobold. The goblin barely misses you.
The endoplasm freezes you.
You are frozen!
You feel a terrible chill!
* * * LOW HITPOINT WARNING * * *
The kobold hits you with a +0 short sword.
* * * LOW HITPOINT WARNING * * *
The endoplasm freezes you.
You are frozen.
You feel a terrible chill!
* * * LOW HITPOINT WARNING * * *
The kobold hits you with a +0 short sword.
* * * LOW HITPOINT WARNING * * *
The goblin hits you with a +3 dagger.
* * * LOW HITPOINT WARNING * * *
Unknown command.
The kobold attacks as it pursues you! The kobold barely misses you.
A ball python comes into view.
The kobold attacks as it pursues you!
The kobold hits you with a +0 short sword.
* * * LOW HITPOINT WARNING * * *
The ball python hisses angrily.
The kobold attacks as it pursues you! The kobold barely misses you.
The kobold attacks as it pursues you! The kobold closely misses you.
You closely miss the ball python.
The ball python bites you but does no damage.
The ball python grabs you. The ball python constricts you.
The kobold hits you with a +0 short sword.
* * * LOW HITPOINT WARNING * * *
You completely miss the ball python. The ball python bites you.
You die...

Skill      XL: |  1 |
---------------+----+-----
Spellcasting   | 3 |  3.1
Conjurations   | 3 |  3.1
Hexes          | 3 |  3.1
Summonings     | 3 |  3.1
Necromancy     | 3 |  3.1
Translocations | 3 |  3.1
Fire Magic     | 3 |  3.1
Ice Magic      | 3 |  3.1
Air Magic      | 3 |  3.1
Earth Magic    | 3 |  3.1
Alchemy        | 3 |  3.1
Fighting       | |  2.4
Long Blades    | |  1.7
Throwing       | |  0.7
Armour         | |  1.0
Dodging        | |  2.1

Action                     || total
---------------------------++-------
  Melee: Falchion          ||    39
         Punch             ||     1
 Armour: Leather armour    ||    31
  Dodge: Dodged            ||    24

Levels and vault maps discovered:
D:1:      denvon_arrival_planthouse, layout_basic

Notes
Turn   | Place    | Note
-------+----------+-------------------------------------------
     0 | D:1      | cforsyth the Djinni Warper began the quest for the Orb.
     0 | D:1      | cforsyth set off with the following spells memorised:
                  | Blink, Lesser Beckoning, Teleport Other, Manifold Assault,
                  | Vhi's Electric Charge.
     0 | D:1      | Reached XP level 1. HP: 18/18 MP: 0/0
    32 | D:1      | Reached skill level 3 in Spellcasting
    32 | D:1      | Reached skill level 3 in Conjurations
    32 | D:1      | Reached skill level 3 in Hexes
    32 | D:1      | Reached skill level 3 in Summonings
    32 | D:1      | Reached skill level 3 in Necromancy
    32 | D:1      | Reached skill level 3 in Translocations
    32 | D:1      | Reached skill level 3 in Fire Magic
    32 | D:1      | Reached skill level 3 in Ice Magic
    32 | D:1      | Reached skill level 3 in Air Magic
    32 | D:1      | Reached skill level 3 in Earth Magic
    32 | D:1      | Reached skill level 3 in Alchemy
   115 | D:1      | Reached XP level 2. HP: 4/23 MP: 0/0
   298 | D:1      | HP: 2/24 [kobold/+0 short sword (3)]
   307 | D:1      | HP: 1/24 [kobold/+0 short sword (4)]
   308 | D:1      | Slain by a ball python

Vanquished Creatures
  A dart slug (D:1)
  An endoplasm (D:1)
  A giant cockroach (D:1)
  2 hobgoblins (D:1)
  A kobold (D:1)
6 creatures vanquished.

Table legend: (Time is in decaauts)
 A = Elapsed time spent in this place.
 B = Non-inter-level travel time spent in this place.
 C = Inter-level travel time spent in this place.
 D = Time resting spent in this place.
 E = Time spent auto-exploring this place.
 F = Levels seen in this place.
 G = Mean time per level.
                   A        B        C        D        E       F      G
               +--------+--------+--------+--------+--------+-----+--------+
         Total |    316 |    316 |      0 |     75 |    134 |   1 |  316.0 |
       Dungeon |    316 |    316 |      0 |     75 |    134 |   1 |  316.0 |
               +--------+--------+--------+--------+--------+-----+--------+

Top non-repeatable levels by time:
     D:1: 316 daAuts

Table legend:
 A = Non-vault XP
 B = Vault XP
 C = Vault XP percentage of total XP
 D = Non-vault monster count
 E = Vault monster count
 F = Vault count percentage of total count
                 A         B        C        D         E       F
            +---------+---------+-------+---------+---------+-------
      Total |      13 |       0 |   0.0 |       6 |       0 |   0.0
            +---------+---------+-------+---------+---------+-------
        D:1 |      13 |       0 |   0.0 |       6 |       0 |   0.0
            +---------+---------+-------+---------+---------+-------
